 Dungeon Crawl Stone Soup version 0.24.1 (webtiles) character file.

Game seed: 4875722101313546742, levelgen mode: deterministic

1084 Destapler the Skirmisher (level 8, -8/73 HPs)
             Began as a Minotaur Fighter on Mar 31, 2020.
             Was a Plaything of Xom.
             Mangled by an orc warrior
             ... wielding a +0 trident
              (15 damage)
             ... on level 6 of the Dungeon.
             The game lasted 00:12:55 (3402 turns).

Destapler the Skirmisher (Minotaur Fighter)         Turns: 3402, Time: 00:12:57

Health: -8/73      AC:  8    Str: 23    XL:     8   Next: 8%
Magic:  9/9        EV: 13    Int:  5    God:    Xom [..*...]
Gold:   124        SH: 11    Dex: 15    Spells: 7/7 levels left

rFire    . . .     SeeInvis .   a - +0 war axe
rCold    + . .     Gourm    .   c - +0 shield
rNeg     . . .     Faith    .   b - +0 scale mail
rPois    .         Spirit   .   (helmet restricted)
rElec    .         Reflect  .   (no cloak)
rCorr    .         Harm     .   r - +0 pair of gloves
MR       .....                  (no boots)
Stlth    +.........             (no amulet)
HPRegen  0.22/turn              u - ring of protection from cold
MPRegen  0.11/turn              (no ring)

@: agile
A: retaliatory headbutt, horns 2
a: Renounce Religion


You were on level 6 of the Dungeon.
You worshipped Xom.
You were a toy of Xom.
You were very hungry.

You visited 1 branch of the dungeon, and saw 6 of its levels.

You collected 264 gold pieces.
You spent 140 gold pieces at shops.

Inventory:

Hand Weapons
 a - a +0 war axe (weapon)
Missiles
 w - 14 poisoned darts (quivered)
Armour
 b - a +0 scale mail (worn)
 c - a +0 shield (worn)
 r - a +0 pair of gloves (worn)
Jewellery
 u - a ring of protection from cold (left hand)
Wands
 j - a wand of digging (6)
 y - a wand of iceblast (10)
Scrolls
 e - 2 scrolls of magic mapping {unknown}
 g - a scroll of blinking {unknown}
 h - 2 scrolls of random uselessness {unknown}
 i - a scroll of noise {unknown}
 o - 4 scrolls of remove curse
 p - 3 scrolls of fear {unknown}
 s - 7 scrolls of teleportation {unknown}
Potions
 d - a potion of magic {unknown}
 k - 4 potions of flight
 l - a potion of invisibility {unknown}
 m - 2 potions of berserk rage
 n - a potion of heal wounds
 q - 2 potions of curing
 t - 2 potions of haste {unknown}
 x - a potion of ambrosia {unknown}
 z - 4 potions of mutation
 A - a potion of brilliance {unknown}
Comestibles
 f - 7 rations


   Skills:
 + Level 7.1 Fighting
 + Level 6.5 Axes
 + Level 2.1 Throwing
 - Level 3.6 Armour
 + Level 6.3 Shields
 - Level 3.0 Evocations


You had 7 spell levels left.
You didn't know any spells.
Your spell library contained the following spells:

 Spells                   Type           Power        Failure   Level  Hunger
 Freeze                   Ice            #...         99%         1    ##.....
 Throw Frost              Conj/Ice       #.....       99%         2    ###....
 Ozocubu's Armour         Chrm/Ice       #.......     100%        3    ####...
 Summon Ice Beast         Ice/Summ       #.......     100%        4    #####..
 Throw Icicle             Conj/Ice       #.......     100%        4    #####..


Dungeon Overview and Level Annotations

Branches:
Dungeon (6/15)             Temple (0/1) D:4

Altars:
Ashenzari
Gozag
Kikubaaqudgha
Nemelex Xobeh
Vehumet
Xom

Shops:
D:4 *   D:5 !


Innate Abilities, Weirdness & Mutations

You reflexively headbutt those who attack you in melee.
You have a pair of horns on your head.


Message History

You block the orc warrior's attack. The orc barely misses you.
You slash the orc priest!
You kill the orc priest!
You slash the orc!
You kill the orc!
The orc warrior closely misses you. The orc warrior closely misses you.
You completely miss the orc warrior.
The orc warrior hits you with a +0 trident!
* * * LOW HITPOINT WARNING * * *
You hit the orc warrior but do no damage.
You block the orc warrior's attack.
You hit the orc warrior. Your headbutt misses the orc warrior.
The orc warrior is moderately wounded.
You block the orc warrior's attack.
You hit the orc warrior.
The orc warrior is moderately wounded.
The orc warrior hits you with a +0 trident!
You die...
Xom bursts into laughter!

#... ...#
#.......#
#..##...#
#..##..#
#..!...#
#......##
#.......#
#<...[..#
#..o@...#
#..##...#
#..######
#...
#....
#....
#.....
#.....


You could see an orc warrior.

Vanquished Creatures
  Sigmund (D:4)
  Eustachio (D:4)
  A sky beast (D:4)
  An ogre (D:5)
  A centaur (D:5)
  A scorpion (D:4)
  A bullfrog zombie (D:6)
  A centaur zombie (D:5)
  2 crimson imps (D:5)
  2 orc priests
  An orc wizard (D:5)
  A centaur skeleton (D:5)
  Jessica (D:2)
  2 worker ants (D:5)
  7 adders
  A shadow imp (D:5)
  A dart slug (D:3)
  2 leopard geckos
  10 orcs
  3 giant cockroaches
  5 goblins
  7 hobgoblins
  10 jackals
  2 quokkas
  4 ball pythons
  6 bats
  4 frilled lizards
  A jackal skeleton (D:4)
  7 kobolds
  A quokka zombie (D:5)
  7 rats
95 creatures vanquished.

Notes
Turn   | Place    | Note
-------+----------+-------------------------------------------
     0 | D:1      | Destapler the Minotaur Fighter began the quest for the Orb.
     0 | D:1      | Reached XP level 1. HP: 19/19 MP: 0/0
   230 | D:1      | Reached skill level 4 in Fighting
   231 | D:1      | Reached XP level 2. HP: 27/27 MP: 1/1
   544 | D:2      | Noticed Jessica
   549 | D:2      | Killed Jessica
   549 | D:2      | Reached XP level 3. HP: 18/34 MP: 2/2
   682 | D:2      | Found a radiant altar of Vehumet.
   719 | D:2      | Found a sparkling altar of Nemelex Xobeh.
   720 | D:2      | Found an opulent altar of Gozag.
   722 | D:2      | Reached XP level 4. HP: 38/41 MP: 3/3
  1090 | D:3      | Reached skill level 5 in Fighting
  1104 | D:3      | Reached skill level 1 in Evocations
  1363 | D:3      | Reached XP level 5. HP: 48/48 MP: 4/4
  1608 | D:3      | Found an ancient bone altar of Kikubaaqudgha.
  1736 | D:4      | Noticed a sky beast
  1829 | D:4      | Noticed Sigmund
  1844 | D:4      | Killed Sigmund
  1844 | D:4      | Reached XP level 6. HP: 47/57 MP: 4/6
  1889 | D:4      | Found a shimmering altar of Xom.
  1897 | D:4      | Became a worshipper of Xom of Chaos
  1901 | D:4      | Reached skill level 5 in Axes
  1928 | D:4      | Found a shattered altar of Ashenzari.
  1942 | D:4      | Noticed Eustachio
  1942 | D:4      | XOM: potion effect (haste)
  1946 | D:4      | XOM: silly message
  1952 | D:4      | Killed Eustachio
  1952 | D:4      | Reached skill level 6 in Fighting
  1952 | D:4      | Reached skill level 5 in Shields
  2152 | D:4      | Reached XP level 7. HP: 54/63 MP: 7/7
  2179 | D:4      | XOM: harmless Fire miscast
  2250 | D:4      | Found Ungegg's Mayhem Merchandise.
  2268 | D:4      | XOM: cast spell 'Olgreb's Toxic Radiance'
  2340 | D:4      | Found a staircase to the Ecumenical Temple.
  2422 | D:5      | Entered Level 5 of the Dungeon
  2671 | D:5      | Reached skill level 1 in Throwing
  2996 | D:5      | Reached skill level 7 in Fighting
  2996 | D:5      | Reached XP level 8. HP: 56/73 MP: 9/9
  3062 | D:5      | XOM: harmless Tloc miscast
  3283 | D:5      | Found Voyffeol's Distillery.
  3289 | D:5      | Bought a potion of heal wounds for 70 gold pieces
  3289 | D:5      | Bought a potion of berserk rage for 70 gold pieces
  3402 | D:6      | Mangled by an orc warrior

Levels and vault maps discovered:
D:1:      evilmike_arrival_rings, layout_rooms, minmay_stone_trees_medium
D:2:      layout_basic, grunt_temple_overflow_opulence, vehumet_crystals,
          minivault_4, minmay_fractal_squares_gapless_5, uniq_jessica
D:3:      layout_basic, lemuel_coloured_pillars_altar
D:4:      minmay_evil_eye, layout_basic, nicolae_overflow_crystal_walls,
          minmay_temple_entry_statues, first_ration, minmay_shop_mayhem,
          nicolae_ashenzari_panopticon, uniq_eustachio, uniq_sigmund
D:5:      layout_layer_cave, serial_shops, shop
D:6:      layout_gridville, marbit_many_paths, serial_shops, shop_coins,
          kennysheep_slug_shrine

Skill      XL: |  1  2  3  4  5  6  7  8 |
---------------+-------------------------+-----
Fighting       | 4 5 6 7 |  7.1
Axes           | 3 4 5 6 |  6.5
Shields        | 4 5 6 |  6.3
Evocations     | 1 2 3 |  3.0
Throwing       | 1 2 |  2.1
Armour         | |  3.6

Action                   |  1- 3 |  4- 6 |  7- 9 || total
-------------------------+-------+-------+-------++-------
Melee: War axe           |    68 |    85 |    90 ||   243
       Headbutt          |    12 |     4 |    13 ||    29
  Use: Potion            |       |     1 |     3 ||     4
       Scroll            |       |       |     6 ||     6
  Eat: Chunk             |       |     4 |     3 ||     7
Armor: Scale mail        |    29 |    29 |    29 ||    87
Dodge: Dodged            |    22 |    24 |    19 ||    65
Block: Shield            |    38 |    47 |    53 ||   138
